 Dungeon Crawl Stone Soup version 0.31-a0-692-gf03d1854d5 (webtiles) character file.

Game seed: 14572831246809637871

114 qw the Shooter (level 4, -7/28 HPs)
             Began as a Gargoyle Hunter on Sept 6, 2023.
             Splashed by a jelly's acid (8 damage)
             ... on level 4 of the Dungeon.
             The game lasted 00:00:57 (1927 turns).

qw the Shooter (Gargoyle Hunter)                    Turns: 1927, Time: 00:00:58

Health: -7/28      AC:  5    Str: 20    XL:     4   Next: 98%
Magic:  4/4        EV: 16    Int: 10    God:
Gold:   139        SH:  0    Dex: 15    Spells: 3/3 levels left

rFire   . . .        Y - +0 shortbow
rCold   . . .        (shield currently unavailable)
rNeg    + . .        m - +0 ring mail
rPois   inf          (no helmet)
rElec   +            (no cloak)
rCorr   .            n - +0 pair of gloves
SInv    .            (no boots)
Will    .....        a - amulet of faith
Stlth   +            h - +6 ring of strength
HPRegen 0.24/turn    j - +5 ring of evasion
MPRegen 0.09/turn

%: faith
@: about to teleport, corroded, very slow
A: sickness immunity, AC +3, negative energy resistance 1, electricity
resistance, torment resistance 1, petrification resistance
a: no special abilities


You were on level 4 of the Dungeon.
You visited 1 branch of the dungeon, and saw 4 of its levels.

You collected 222 gold pieces.
You spent 83 gold pieces at shops.


Innate Abilities, Weirdness & Mutations

You are immune to sickness and miasma.
Your stone body is resilient. (AC +3)
You are immune to poison.
You resist negative energy. (rN+)
You are resistant to electric shocks. (rElec)
You are resistant to unholy torment.
You are immune to petrification.


   Skills:
 - Level 3.0 Fighting
 + Level 5.5 Ranged Weapons
 - Level 1.4 Armour
 - Level 1.5 Dodging
 - Level 1.1 Stealth


You had 3 spell levels left.
You didn't know any spells.
Your spell library was empty.

Inventory:

Hand Weapons
 Y - a +0 shortbow (weapon)
Armour
 m - a +0 ring mail (worn)
 n - a +0 pair of gloves (worn)
Jewellery
 a - an amulet of faith (around neck)
 h - a +6 ring of strength (left hand)
 j - a +5 ring of evasion (right hand)
Scrolls
 c - a scroll of identify
 i - a scroll of teleportation
Potions
 d - a potion of haste
 e - a potion of curing
 f - a potion of magic {unknown}
 l - a potion of ambrosia {unknown}

Dungeon Overview and Level Annotations

Branches:
Dungeon (4/15)
 Temple: D:4-7

Altars:

Shops:
D:1 *

Annotations:
D:3 2 transporters, qw's ghost, amateur GrHu


Message History

The arrow closely misses the kobold brigand.
The kobold brigand hits you with a +0 club.
The quokka closely misses you. The hobgoblin completely misses you.
The jelly closely misses you. The orc hits you but does no damage.
1923 |||
Found retreat position at -1,-3 (shallow_water) with 0 blocking monsters and 4 monsters attacking at destination at distance 3 You shoot an arrow.
The arrow hits the kobold brigand.
The kobold brigand is lightly wounded.
The quokka closely misses you.
The kobold brigand hits you with a +0 club.
The hobgoblin closely misses you. The jelly barely misses you.
The orc closely misses you. The quokka closely misses you.
The kobold brigand splashes around in the water.
1924 |||
Found retreat position at -1,-3 (shallow_water) with 0 blocking monsters and 4 monsters attacking at destination at distance 3 You shoot an arrow.
The arrow misses the kobold brigand.
The hobgoblin barely misses you.
The orc splashes around in the water.
The jelly hits you but does no damage. The quokka closely misses you.
The kobold brigand closely misses you. The hobgoblin closely misses you.
1925 |||
Found retreat position at -1,-3 (shallow_water) with 0 blocking monsters and 4 monsters attacking at destination at distance 3 You shoot an arrow.
The arrow hits the kobold brigand.
The kobold brigand is moderately wounded.
The quokka bites you but does no damage.
The orc misses you. The jelly misses you.
The kobold brigand closely misses you. The hobgoblin barely misses you.
The quokka closely misses you.
1926 |||
Found retreat position at -1,-3 (shallow_water) with 0 blocking monsters and 4 monsters attacking at destination at distance 3 You shoot an arrow.
The arrow barely misses the kobold brigand.
The orc hits you but does no damage. The jelly hits you.
You are splashed with acid.
The kobold brigand closely misses you. The quokka misses you.
The hobgoblin misses you. The jelly completely misses you.
The orc barely misses you.
1927 |||
Found retreat position at -1,-3 (shallow_water) with 0 blocking monsters and 4 monsters attacking at destination at distance 3
1927 ||| READING 2 scrolls of teleportation.
As you read the scroll of teleportation, it crumbles to dust.
You feel strangely unstable. The quokka barely misses you.
The kobold brigand barely misses you. The hobgoblin completely misses you.
The orc grunts loudly, as Orcs often do.
The orc barely misses you. The jelly hits you. The acid corrodes you!
You are splashed with acid!
You die...

#.##...P~~....#####
##.~~.PPP~~.#.##
###.~~P~7~~.P.#.#
###.P.P7~~~P~.###.#
P.P~~~7~~~P~~## #.#
.P~~ 7~~~.#### #.#
P~~~~7P.### #.#
7~P~K.### #..
~~~~~7P@g...# ##.
~P~7~~orJ...... #
P~~~~~~7~~PP.P. #
.~~~~~~ ~7~~~P~ +
###.~~P ~~P7~~P #
##?#~ ~P.P~P~ #
#### ###.###


You could see a kobold brigand, a jelly, an orc, a quokka and a hobgoblin.

Vanquished Creatures
  A hound (D:4)
  An adder (D:2)
  A worm (D:2)
  2 dart slugs
  3 orcs (D:3)
  2 ball pythons
  A bat (D:1)
  10 endoplasms
  3 giant cockroaches
  5 goblins
  5 hobgoblins
  3 jackals (D:1)
  5 kobolds
  6 quokkas
  3 frilled lizards
  5 rats
56 creatures vanquished.

Notes
Turn   | Place    | Note
-------+----------+-------------------------------------------
     0 | D:1      | qw the Gargoyle Hunter began the quest for the Orb.
     0 | D:1      | Reached XP level 1. HP: 12/12 MP: 1/1
     0 | D:1      | 0 ||| qw: Version: 0.3-a-76-g4403597
     0 | D:1      | 0 ||| qw: Game counter: 198
     0 | D:1      | 0 ||| qw: Melee chars always use a shield: true
     0 | D:1      | 0 ||| qw: God list: Okawaru
     0 | D:1      | 0 ||| qw: Allow faded altars: false
     0 | D:1      | 0 ||| qw: Do Orc after clearing Dungeon:15 true
     0 | D:1      | 0 ||| qw: Do second Lair branch before Depths: true
     0 | D:1      | 0 ||| qw: Lair rune preference: random
     0 | D:1      | 0 ||| qw: Goals: Normal
     0 | D:1      | 0 ||| PLANNING D:1-11
    99 | D:1      | Reached XP level 2. HP: 6/17 MP: 2/2
   381 | D:1      | 381 ||| Stepping ~*~*~tactically~*~*~ (outnumbered).
   482 | D:1      | Reached XP level 3. HP: 21/21 MP: 3/3
   501 | D:1      | Found Zatingan's Assorted Antiques.
   503 | D:1      | Reached skill level 5 in Ranged Weapons
   518 | D:1      | 518 ||| BUYING bubbling brown potion (15 gold).
   518 | D:1      | Bought a bubbling brown potion for 15 gold pieces
   518 | D:1      | 518 ||| BUYING ring mail (68 gold).
   518 | D:1      | Bought a ring mail for 68 gold pieces
   518 | D:1      | 518 ||| SHOPLISTING runed sling (76 gold, have 10).
   518 | D:1      | 518 ||| SHOPLISTING scroll labelled ITEAR YMEYSASS (17
                  | gold, have 10).
   518 | D:1      | 518 ||| SHOPLISTING scroll labelled POUREZ YFOMY (17 gold,
                  | have 10).
   518 | D:1      | 518 ||| SHOPLISTING scroll labelled VEBESU GENIOBO (17
                  | gold, have 10).
   518 | D:1      | 518 ||| SHOPLISTING scroll labelled YFIPOR LUCI (17 gold,
                  | have 10).
   725 | D:1      | 725 ||| UPGRADING to +0 ring mail.
   735 | D:1      | 735 ||| DROPPING +0 leather armour.
   736 | D:1      | 736 ||| UPGRADING to +0 pair of gloves.
   741 | D:1      | 741 ||| READING scroll labelled NICUBAI XIAROP.
   741 | D:1      | Identified a scroll of acquirement
   741 | D:1      | 741 ||| ACQUIRING amulet of faith
   741 | D:1      | Acquired an amulet of faith
   743 | D:1      | 743 ||| UPGRADING to amulet of faith.
   748 | D:1      | 748 ||| READING 2 scrolls labelled COSTIZ SOJI.
   749 | D:1      | 749 ||| READING 3 scrolls labelled POUREZ YFOMY.
   754 | D:1      | 754 ||| READING scroll labelled XEBOUMPUDGHU.
   755 | D:1      | 755 ||| READING scroll labelled XOAZIUTHIMUGH.
   756 | D:1      | 756 ||| READING scroll labelled ILYT YFOUTUO.
   770 | D:1      | 770 ||| DRINKING 2 fizzy amethyst potions.
   771 | D:1      | 771 ||| DRINKING 2 lumpy amethyst potions.
   816 | D:1      | 816 ||| DROPPING scroll of butterflies.
   817 | D:1      | 817 ||| DROPPING scroll of amnesia.
   818 | D:1      | 818 ||| DROPPING potion of lignification.
   942 | D:2      | Reached skill level 1 in Armour
   963 | D:2      | Reached XP level 4. HP: 27/27 MP: 4/4
  1030 | D:2      | Reached skill level 3 in Fighting
  1320 | D:2      | 1320 ||| UPGRADING to +6 ring of strength.
  1321 | D:2      | 1321 ||| READING scroll labelled EXTEUT YKHILUDA.
  1322 | D:2      | 1322 ||| DRINKING 2 fuming clear potions.
  1323 | D:2      | 1323 ||| READING 3 scrolls of identify.
  1323 | D:2      | 1323 ||| IDENTIFYING ruby potion
  1324 | D:2      | 1324 ||| READING 2 scrolls of identify.
  1324 | D:2      | 1324 ||| IDENTIFYING cyan potion
  1325 | D:2      | 1325 ||| DROPPING potion of attraction.
  1326 | D:2      | 1326 ||| DROPPING potion of invisibility.
  1391 | D:3      | Found a transporter.
  1397 | D:3      | Noticed a black bear
  1410 | D:3      | Noticed qw's ghost (amateur GrHu)
  1608 | D:3      | Found a transporter.
  1771 | D:3      | 1771 ||| DROPPING scarf of shadows.
  1772 | D:3      | 1772 ||| UPGRADING to +5 ring of evasion.
  1773 | D:3      | 1773 ||| READING scroll labelled LYH IRHACO.
  1887 | D:4      | Noticed a kobold brigand
  1926 | D:4      | HP: 3/28 [acid (5)]
  1927 | D:4      | 1927 ||| READING 2 scrolls of teleportation.
  1927 | D:4      | HP: 1/28 [jelly (3)]
  1927 | D:4      | Splashed by a jelly's acid

Levels and vault maps discovered:
D:1:      orjb1_lava_funnel, layout_loops_ring, serial_shops, shop, minivault_5
D:2:      layout_rooms
D:3:      layout_basic, gammafunk_ghost_arena
D:4:      layout_loops_corners, serial_shops, shop,
          chequers_serial_rivers_large_a, serial_bayou_lagoon_a, uniq_grinder

Skill      XL: |  1  2  3  4 |
---------------+-------------+-----
Ranged Weapons | 5 |  5.5
Armour         | 1 |  1.4
Fighting       | 3 |  3.0
Dodging        | |  1.5
Stealth        | |  1.1

Action                     |  1- 3 |  4- 6 || total
---------------------------+-------+-------++-------
   Fire: Shortbow          |   115 |    94 ||   209
    Use: Scroll            |     6 |     5 ||    11
         Potion            |     2 |     1 ||     3
 Armour: Leather armour    |    27 |       ||    27
         Ring mail         |     6 |    58 ||    64
  Dodge: Dodged            |    44 |   111 ||   155

Table legend:
 A = Non-vault XP
 B = Vault XP
 C = Vault XP percentage of total XP
 D = Non-vault monster count
 E = Vault monster count
 F = Vault count percentage of total count
                 A         B        C        D         E       F
            +---------+---------+-------+---------+---------+-------
      Total |     164 |       0 |   0.0 |      56 |       0 |   0.0
            +---------+---------+-------+---------+---------+-------
        D:1 |      51 |       0 |   0.0 |      27 |       0 |   0.0
        D:2 |      50 |       0 |   0.0 |      18 |       0 |   0.0
        D:3 |      21 |       0 |   0.0 |      10 |       0 |   0.0
        D:4 |      42 |       0 |   0.0 |       1 |       0 |   0.0
            +---------+---------+-------+---------+---------+-------
